 Dungeon Crawl Stone Soup version 0.28-a0-1206-g193881aaa2 (webtiles) character file.

Game seed: 15850276079800034837

1694 siradein the Skirmisher (level 9, -1/79 HPs)
             Began as a Hill Orc Fighter on Dec 21, 2021.
             Was an Initiate of Beogh.
             Slain by a komodo dragon (13 damage)
             ... on level 6 of the Dungeon.
             The game lasted 00:33:16 (9788 turns).

siradein the Skirmisher (Hill Orc Fighter)          Turns: 9788, Time: 00:33:16

Health: -1/79      AC: 17    Str: 23    XL:     9   Next: 2%
Magic:  10/10      EV:  5    Int:  8    God:    Beogh [......]
Gold:   113        SH:  9    Dex: 10    Spells: 8/8 levels left

rFire   . . .      SeeInvis +   a - +0 flail
rCold   . . .      Faith    +   t - +0 kite shield
rNeg    . . .      Spirit   .   z - +0 plate armour
rPois   .          Reflect  .   w - +0 helmet
rElec   .          Harm     .   (no cloak)
rCorr   .          Rampage  .   y - +2 pair of gloves
Will    .....                   (no boots)
Stlth   ..........              h - amulet of faith
HPRegen 0.23/turn               s - ring of see invisible
MPRegen 0.12/turn               (no ring)

@: no status effects
A: no striking features
a: Renounce Religion


You were on level 6 of the Dungeon.
You worshipped Beogh.
Beogh was noncommittal.
You visited 2 branches of the dungeon, and saw 7 of its levels.
You also visited: Sewer.

You collected 300 gold pieces.
You spent 187 gold pieces at shops.

Inventory:

Hand Weapons
 a - a +0 flail (weapon)
Missiles
 o - 36 poisoned darts (quivered)
Armour
 t - a +0 kite shield (worn)
 w - a +0 helmet (worn)
 y - a +2 pair of gloves (worn)
 z - a +0 plate armour (worn)
Jewellery
 h - an amulet of faith (around neck)
 s - a ring of see invisible (left hand)
Wands
 p - a wand of flame (5)
 q - a wand of acid (8)
Scrolls
 f - 9 scrolls of teleportation
 g - a scroll of vulnerability {unknown}
 i - a scroll of holy word {unknown}
 j - a scroll of acquirement {unknown}
 l - 3 scrolls of fog {unknown}
 m - a scroll of blinking {unknown}
 u - a scroll of fear {unknown}
Potions
 b - 4 potions of flight
 c - 3 potions of ambrosia
 d - a potion of might
 e - a potion of magic
 k - 2 potions of haste
 r - 2 potions of resistance {unknown}
 v - 2 potions of lignification {unknown}
 x - a potion of heal wounds


   Skills:
 + Level 7.5 Fighting
 + Level 6.3 Maces & Flails
 + Level 6.9 Armour
 + Level 6.8 Shields
 + Level 1.9 Invocations


You had 8 spell levels left.
You didn't know any spells.
Your spell library contained the following spells:

 Spells                   Type           Power      Damage    Failure   Level
 Sandblast                Erth           0%         2d4       100%        1
 Passwall                 Tmut/Erth      0%         N/A       100%        2
 Stone Arrow              Conj/Erth      0%         3d7       100%        3
 Swiftness                Air            0%         N/A       100%        3


Dungeon Overview and Level Annotations

Branches:
Dungeon (6/15)             Temple (1/1) D:6           Sewer (visited)

Altars:
Dithmenos
Fedhas
Gozag
Makhleb
The Shining One

Shops:
D:1 *   D:2 *[[*

Portals:
Abyss: D:4

Annotations:
D:3 2 transporters, enile's ghost, amateur SpAr
D:4 2 transporters, a11behringer's ghost, amateur MiBe


Message History

The poisoned dart hits the komodo dragon.
Throw: 37 darts (poison)
Press: ? - help, Q - select action, (/) - cycle Shift-Dir - straight line, f/p - komodo dragon
Aim: a komodo dragon (65% to hit)
You throw a poisoned dart.
The poisoned dart closely misses the komodo dragon.
The komodo dragon bites you. The komodo dragon bites you!!
A howler monkey zombie comes into view.
You sock the howler monkey zombie!
The howler monkey zombie is severely damaged.
The howler monkey zombie hits you but does no damage.
The howler monkey zombie hits you.
The komodo dragon bites you but does no damage.
The howler monkey zombie hits you but does no damage.
The howler monkey zombie hits you but does no damage.
A scorpion comes into view.
You hit the scorpion but do no damage.
The scorpion stings you but does no damage.
You block the howler monkey zombie's attack.
The scorpion stings you but does no damage.
You closely miss the scorpion. You block the scorpion's attack.
You closely miss the scorpion. The scorpion stings you.
The komodo dragon bites you!! You block the scorpion's attack.
You barely miss the scorpion. The komodo dragon barely misses you.
The scorpion stings you but does no damage.
You barely miss the scorpion. The scorpion stings you!
* * * LOW HITPOINT WARNING * * *
The komodo dragon bites you!
* * * LOW HITPOINT WARNING * * *
The scorpion barely misses you. The komodo dragon barely misses you.
You hit the scorpion.
The scorpion is lightly wounded.
The scorpion stings you but does no damage.
You block the komodo dragon's attack.
Unknown command.
You closely miss the scorpion.
The scorpion is lightly wounded.
You block the scorpion's attack. The komodo dragon bites you!
You die...

#..#####..
##.........
#..######## ####.##
#....# # #.#.l# #.
<.. #.##.# #.#.#
#.##.########...##.
..#......Zl@s......
###...#######..###.
..###.# .....
#.###.# ##.####
##### #.#.#.# #...#
##...##
######.#.#.# #...#
#......
...#...#.#.# #..>#
####.####
##.#.......# #...#
##.#...#.#
##.##.##.### #...#
#..[.>....


You could see a komodo dragon, a scorpion and a howler monkey zombie.

Vanquished Creatures
  2 water moccasins
  A necrophage (D:4)
  A black bear (D:4)
  3 ogres
  2 water moccasin zombies (D:5)
  A scorpion (D:6)
  2 water moccasin skeletons (D:5)
  A hound (D:4)
  2 jellies
  A bullfrog skeleton (D:6)
  A gnoll shaman (D:6)
  An orc priest (D:6)
  Crazy Yiuf (D:2)
  Jessica (D:2)
  2 iguanas
  A merfolk siren (Sewer)
  4 orc wizards
  A merfolk avatar (Sewer)
  11 gnolls
  8 adders
  3 river rats (Sewer)
  3 shadow imps
  An ufetubus (D:4)
  An adder skeleton (D:4)
  4 worms
  3 dart slugs
  8 orcs
  3 bats (D:1)
  8 endoplasms
  7 giant cockroaches
  3 goblins
  8 hobgoblins
  7 jackals (D:2)
  9 kobolds
  4 quokkas
  11 ball pythons
  8 frilled lizards
  25 rats
163 creatures vanquished.

Vanquished Creatures (others)
  2 orc priests (D:6)
  An orc wizard (D:6)
  An orc (D:6)
  14 plants
18 creatures vanquished.

Grand Total: 181 creatures vanquished

Notes
Turn   | Place    | Note
-------+----------+-------------------------------------------
     0 | D:1      | siradein the Hill Orc Fighter began the quest for the Orb.
     0 | D:1      | Reached XP level 1. HP: 19/19 MP: 1/1
   363 | D:1      | You fall into a shaft and drop 1 floor!
   470 | D:1      | Reached XP level 2. HP: 25/27 MP: 2/2
   742 | D:1      | Found Lefahoq's General Store.
   791 | D:1      | Reached skill level 4 in Fighting
   840 | D:1      | Reached XP level 3. HP: 33/33 MP: 3/3
  1165 | D:2      | Found Igys's Assorted Antiques.
  1330 | D:2      | Found a faded altar of an unknown god.
  1392 | D:2      | Found Ebusira's Antique Armour Boutique.
  1505 | D:2      | Found Ushronem's Antique Armour Shop.
  1516 | D:2      | Noticed Jessica
  1861 | D:3      | Found a transporter.
  1861 | D:3      | Found a transporter.
  2131 | D:2      | Reached XP level 4. HP: 35/40 MP: 4/4
  2252 | D:2      | Found a runed translucent door.
  2253 | D:2      | Noticed Crazy Yiuf
  2587 | D:2      | Killed Jessica
  2797 | D:2      | Found Ashrodgh's Assorted Antiques.
  3006 | D:3      | Reached XP level 5. HP: 33/47 MP: 5/5
  3754 | D:3      | Identified the +2 spear of Coepexiy {venom, Dex+3}
  3760 | D:3      | Noticed enile's ghost (amateur SpAr)
  4006 | D:4      | Noticed a water moccasin
  4230 | D:4      | Noticed a necrophage
  4248 | D:4      | Killed a necrophage
  4249 | D:4      | Reached skill level 5 in Fighting
  4249 | D:4      | Reached XP level 6. HP: 51/56 MP: 6/6
  4280 | D:4      | Killed a water moccasin
  4281 | D:4      | Reached skill level 5 in Armour
  4281 | D:4      | Reached skill level 5 in Shields
  4532 | D:4      | Found a one-way gate to the infinite horrors of the Abyss.
  4532 | D:4      | Noticed a11behringer's ghost (amateur MiBe)
  4623 | D:4      | Found a transporter.
  4787 | D:4      | Found a transporter.
  4825 | D:4      | Noticed a small abomination
  4880 | D:4      | Noticed an ancient zyme
  4940 | D:4      | Noticed a black bear
  4957 | D:4      | Killed a black bear
  4958 | D:4      | Reached XP level 7. HP: 48/62 MP: 7/7
  5457 | D:5      | Entered Level 5 of the Dungeon
  5457 | D:5      | Found a glowing drain.
  5838 | Sewer    | Entered a sewer
  6577 | D:5      | Reached skill level 6 in Fighting
  6811 | D:4      | Reached skill level 5 in Maces & Flails
  7014 | D:5      | Reached XP level 8. HP: 45/71 MP: 8/8
  8300 | D:5      | Reached skill level 7 in Fighting
  8592 | D:2      | Bought a pair of glowing gloves for 187 gold pieces
  8640 | D:2      | Killed Crazy Yiuf
  8717 | D:6      | Found a blossoming altar of Fedhas.
  8812 | D:6      | Became a worshipper of Beogh the Brigand
  8858 | D:6      | Found a staircase to the Ecumenical Temple.
  8908 | Temple   | Entered the Ecumenical Temple
  9125 | D:6      | Reached skill level 1 in Invocations
  9541 | D:6      | Reached XP level 9. HP: 48/79 MP: 10/10
  9756 | D:6      | Noticed a komodo dragon
  9788 | D:6      | Slain by a komodo dragon

Illustrated notes

Levels and vault maps discovered:
D:1:      lemuel_arrival_river_passageway, layout_rooms, serial_shops, shop,
          grunt_decor_fettered, grunt_decor_one_mirror
D:2:      layout_loops_cross, dreamdust_ecumenical_altar_hidden_monk_grotto,
          serial_shops, shop, nicolae_shop_behind_doors, nicolae_lakefront_shop,
          nicolae_square_shop, minmay_domino_2, uniq_jessica,
          uniq_crazy_yiuf_cottage
D:3:      layout_loops_ring, gammafunk_ghost_gnarly_gnolls
D:4:      layout_layer_cave, gammafunk_ghost_abyssal_escape
D:5:      layout_rooms, cheibrodos_sewer_entry_drain
D:6:      layout_loops_cross, fedhas_altar_1,
          minmay_temple_entry_gardened_gates, grunt_ministairs_15,
          minmay_misc_feat_ornament, uniq_grinder, uniq_prince_ribbit1
Temple:   hc_temple_tempest_star

Skill      XL: |  1  2  3  4  5  6  7  8 |
---------------+-------------------------+-----
Fighting       | 4 5 6 7 |  7.5
Maces & Flails | 3 4 5 6 |  6.3
Armour         | 4 5 6 |  6.9
Shields        | 4 5 6 |  6.8
Invocations    | 1 |  1.9

Action                   |  1- 3 |  4- 6 |  7- 9 || total
-------------------------+-------+-------+-------++-------
Melee: Flail             |   142 |   165 |   398 ||   705
Throw: Dart              |       |     4 |    10 ||    14
Invok: Convert to Beogh  |       |       |     1 ||     1
  Use: Scroll            |       |     1 |     4 ||     5
Armor: Scale mail        |    87 |       |       ||    87
       Chain mail        |    17 |   104 |   205 ||   326
       Plate armour      |       |       |    51 ||    51
Dodge: Dodged            |   109 |    50 |   104 ||   263
Block: Buckler           |    54 |    19 |       ||    73
       Kite shield       |       |    23 |   226 ||   249

Table legend: (Time is in decaauts)
 A = Elapsed time spent in this place.
 B = Non-inter-level travel time spent in this place.
 C = Inter-level travel time spent in this place.
 D = Time resting spent in this place.
 E = Time spent auto-exploring this place.
 F = Levels seen in this place.
 G = Mean time per level.
                   A        B        C        D        E       F      G
               +--------+--------+--------+--------+--------+-----+--------+
         Total |  10090 |   9790 |    300 |   2769 |   4864 |   8 | 1261.2 |
       Dungeon |   9092 |   8792 |    300 |   2491 |   4438 |   6 | 1515.3 |
        Temple |    189 |    189 |      0 |    175 |      0 |   1 |  189.0 |
         Sewer |    809 |    809 |      0 |    103 |    426 |   1 |  809.0 |
               +--------+--------+--------+--------+--------+-----+--------+

Top non-repeatable levels by time:
     D:4: 2727 daAuts
     D:2: 1847 daAuts
     D:3: 1344 daAuts
     D:5: 1342 daAuts
     D:1: 1158 daAuts
   Sewer: 809 daAuts
     D:6: 672 daAuts
  Temple: 189 daAuts
